 Dungeon Crawl Stone Soup version 0.29.0-11-gd7f09526c8 (webtiles) character file.

Game seed: 7218303632295678030

99 awesomegowd the Chopper (level 4, -4/41 HPs)
             Began as a Hill Orc Berserker on Sept 3, 2022.
             Was a Follower of Trog.
             Slain by Menkaure (12 damage)
             ... on level 4 of the Dungeon.
             The game lasted 00:14:57 (3771 turns).

awesomegowd the Chopper (Hill Orc Berserker)        Turns: 3771, Time: 00:14:57

Health: -4/41      AC: 13    Str: 21    XL:     4   Next: 72%
Magic:  4/4        EV:  6    Int:  7    God:    Trog [*.....]
Gold:   168        SH:  0    Dex: 10    Spells: 3/3 levels left

rFire   . . .      SeeInvis .   a - +0 hand axe
rCold   . . .      Faith    .   (no shield)
rNeg    + . .      Spirit   .   u - +0 plate armour
rPois   .          Reflect  .   (no helmet)
rElec   .          Harm     .   (no cloak)
rCorr   .          Rampage  .   n - +0 pair of gloves
Will    +....                   s - +0 pair of boots
Stlth   ..........              (no amulet)
HPRegen 0.13/turn               r - ring of positive energy
MPRegen 0.09/turn               t - ring of willpower

@: no status effects
A: no striking features
a: Renounce Religion, Berserk


You were on level 4 of the Dungeon.
You worshipped Trog.
Trog was aware of your devotion.
You visited 1 branch of the dungeon, and saw 4 of its levels.

You collected 168 gold pieces.

Inventory:

Hand Weapons
 a - a +0 hand axe (weapon)
Missiles
 j - 14 stones (quivered)
Armour
 b - a +0 animal skin
 n - a +0 pair of gloves (worn)
 s - a +0 pair of boots (worn)
 u - a +0 plate armour (worn)
Jewellery
 r - a ring of positive energy (left hand)
 t - a ring of willpower (right hand)
Wands
 o - a wand of flame (14)
 x - a wand of polymorph (7)
Scrolls
 c - a scroll of vulnerability
 d - a scroll of silence {unknown}
 f - a scroll of enchant weapon {unknown}
 g - a scroll of noise {unknown}
 h - 4 scrolls of butterflies
 i - 2 scrolls of amnesia {unknown}
 k - a scroll of teleportation {unknown}
 p - 2 scrolls of enchant armour
 q - a scroll of blinking {unknown}
Potions
 e - a potion of brilliance
 m - a potion of might {unknown}
 v - a potion of heal wounds {unknown}
 w - a potion of degeneration {unknown}


   Skills:
 + Level 4.7 Fighting
 + Level 5.5 Axes
 + Level 2.9 Armour
 + Level 1.7 Dodging


You had 3 spell levels left.
You didn't know any spells.
Your spell library contained the following spells:

 Spells                   Type           Power      Damage    Failure   Level
 Summon Small Mammal      Summ           0%         N/A       100%        1
 Blink                    Tloc           0%         N/A       100%        2
 Call Canine Familiar     Summ           0%         N/A       100%        3
 Lesser Beckoning         Tloc           0%         N/A       100%        3
 Summon Guardian Golem    Hex/Summ       0%         N/A       100%        3
 Manifold Assault         Tloc           0%         N/A       100%        5


Dungeon Overview and Level Annotations

Branches:
Dungeon (4/15)
 Temple: D:4-7

Altars:
Ashenzari

Annotations:
D:4 Menkaure


Message History

You kill the adder!
Trog accepts your kill.
You see here an adder corpse.
Menkaure, Prince of Dust comes into view.
Menkaure shouts!
You hear the slow hiss of an avalanche of sand nearby.
You see here an adder corpse.
Menkaure calls on the powers of darkness!
Your body is wracked with pain!
Found 5 stones.
Menkaure gestures wildly while chanting.
Menkaure seems to speed up.
An iguana comes into view.
The iguana hisses angrily.
The iguana moves out of view.
The iguana barely misses you.
You see here a sapphire potion.
The iguana bites you but does no damage.
You hit the iguana.
The iguana is moderately wounded.
The iguana bites you but does no damage.
You hit the iguana but do no damage.
The iguana is moderately wounded.
The iguana barely misses you.
You barely miss the iguana.
The iguana is moderately wounded.
The iguana completely misses you. The iguana bites you.
* * * LOW HITPOINT WARNING * * *
You hit the iguana but do no damage.
The iguana is moderately wounded.
The iguana bites you.
* * * LOW HITPOINT WARNING * * *
You barely miss the iguana.
The iguana is moderately wounded.
You hit Menkaure but do no damage. Menkaure hits you but does no damage.
The iguana bites you but does no damage.
You slash the iguana!
The iguana is almost dead.
You hit Menkaure. Menkaure hits you!
You die...

.#. ####... #### ..#....
#.#.##.....^.
.......(.... #..........
#.......... #l@.# ...
##M.##$..# . # ##...#..#
...##.####.......# #
......#..#.....#...#
#..M....†....## #.#.
.....##........##.....
.....................###
. ....M............>...#


You could see Menkaure (fast) and an iguana.

Vanquished Creatures
  6 adders
  2 worms
  A dart slug (D:1)
  An orc (D:3)
  3 ball pythons
  5 endoplasms
  A giant cockroach (D:2)
  3 goblins
  2 hobgoblins
  4 quokkas
  3 frilled lizards
  3 kobolds
  4 rats
38 creatures vanquished.

Vanquished Creatures (others)
  3 fungi (D:1)
  4 plants (D:1)
7 creatures vanquished.

Grand Total: 45 creatures vanquished

Notes
Turn   | Place    | Note
-------+----------+-------------------------------------------
     0 | D:1      | awesomegowd the Hill Orc Berserker began the quest for the
                  | Orb.
     0 | D:1      | Reached XP level 1. HP: 19/19 MP: 1/1
   270 | D:1      | Reached XP level 2. HP: 5/27 MP: 2/2
   354 | D:1      | Found a faded altar of an unknown god.
  1684 | D:2      | Reached XP level 3. HP: 23/33 MP: 3/3
  1750 | D:2      | Reached skill level 5 in Axes
  2691 | D:2      | Reached XP level 4. HP: 33/41 MP: 4/4
  2776 | D:2      | Found a broken altar of Ashenzari.
  3755 | D:4      | Noticed Menkaure
  3771 | D:4      | Slain by Menkaure

Illustrated notes

Levels and vault maps discovered:
D:1:      spicycebolla_green_bress_n_ham_2, layout_basic,
          shapermc_ecumenical_altar_ellora
D:2:      layout_basic, basic_altar, minmay_misc_feat_tiny
D:3:      layout_loops_ring
D:4:      layout_cave_pools, mainiacjoe_overflow_divided_tiny, enter_ossuary_2,
          uniq_menkaure, uniq_duvessa

Skill      XL: |  1  2  3 |
---------------+----------+-----
Fighting       | 4 |  4.7
Axes           | 5 |  5.5
Armour         | |  2.9
Dodging        | |  1.7

Action                   |  1- 3 |  4- 6 || total
-------------------------+-------+-------++-------
Melee: Hand axe          |   121 |    91 ||   212
       Punch             |       |     3 ||     3
  Use: Scroll            |       |     5 ||     5
Armor: Ring mail         |    21 |    16 ||    37
       Animal skin       |     2 |       ||     2
       Plate armour      |       |    29 ||    29
Dodge: Dodged            |    56 |    34 ||    90
